Map: Apotheosis LE

Players

CAPDALOCO - Winner!

  • Race: Zerg Zerg

Tenonee

  • Race: Terran Terran

VOD

Have the link to the VOD?

Description

Time

  • Played on: July 23, 2016, 5:59 a.m.
  • Length: 18:19
Show
View Real Time Build Order
Export as new Build Order

CAPDALOCO Zerg - Winner!

Build Orders: Hatch First 

Get SALT Encoding   

  12  0:01  Drone  
  13  0:13  Overlord  
  13  0:17  Drone  
  14  0:31  Drone x2  
  14  0:35  Drone  
  17  0:52  Hatchery  
  17  0:55  Drone  
  17  1:01  Drone  
  18  1:08  Extractor  
  17  1:14  Spawning Pool  
  17  1:17  Drone  
  17  1:22  Drone  
  18  1:28  Drone  
  19  1:39  Overlord  
  19  1:52  Drone  
  20  2:01  Queen  
  20  2:03  Zergling x2  
  20  2:04  Queen  
  20  2:05  Zergling x2  
  26  2:13  Drone  
  27  2:17  Metabolic Boost  
  27  2:21  Drone  
  28  2:26  Drone  
  28  2:27  Drone  
  30  2:34  Drone  
  31  2:38  Drone  
  31  2:39  Queen  
  31  2:44  Overlord  
  34  2:59  Drone  
  34  3:00  Drone  
  36  3:09  Drone x3  
  36  3:12  Hatchery  
  38  3:14  Drone x2  
  40  3:21  Drone x3  
  40  3:24  Extractor  
  42  3:34  Drone  
  42  3:35  Drone, Overlord  
  42  3:40  Extractor x2  
  42  3:44  Evolution Chamber x2  
  42  3:47  Drone  
  42  3:48  Drone  
  42  3:55  Drone x4  
  43  3:56  Drone x2  
  48  4:05  Lair  
  48  4:11  Spore Crawler  
  48  4:13  Drone x4  
  48  4:14  Spore Crawler  
  50  4:19  Zerg Melee Weapons Level 1  
  50  4:23  Zerg Ground Armor Level 1  
  50  4:31  Queen  
  53  4:45  Drone  
  53  4:46  Drone x5  
  53  4:49  Overlord  
  58  5:03  Spine Crawler  
  58  5:06  Queen  
  59  5:07  Zergling x6  
  59  5:13  Zergling x12  
  64  5:32  Drone x2  
  64  5:34  Overlord x3  
  66  5:40  Spire  
  65  5:45  Baneling Nest  
  64  5:54  Drone x8  
  72  6:06  Drone x7  
  79  6:11  Evolution Chamber  
  72  6:27  Zerg Melee Weapons Level 2  
  72  6:30  Zerg Ground Armor Level 2  
  72  6:37  Extractor  
  71  6:41  Extractor  
  71  6:44  Pneumatized Carapace, Spine Crawler  
  69  6:47  Zerg Missile Weapons Level 1  
  69  6:49  Centrifical Hooks  
  69  6:56  Zerg Flyer Weapons Level 1  
  69  6:57  Zergling x10  
  69  6:58  Overlord x4, Zergling x4  
  76  7:06  Spore Crawler  
  75  7:26  Zergling x16  
  75  7:27  Baneling x4  
  75  7:28  Baneling x5, Infestation Pit  
  82  7:34  Overseer  
  82  7:35  Overseer  
  82  7:54  Drone x2  
  82  7:55  Drone x5  
  82  7:56  Overlord x4  
  89  8:11  Hatchery  
  88  8:22  Zergling x2  
  88  8:23  Zergling x30  
  88  8:26  Baneling x3  
  104  8:40  Zergling x2  
  86  8:52  Hive  
  86  8:57  Drone  
  86  8:58  Drone x6, Spine Crawler  
  86  8:59  Spine Crawler  
  86  9:01  Spine Crawler  
  86  9:02  Extractor, Spine Crawler  
  88  9:26  Baneling x3  
  88  9:27  Baneling x6  
  88  9:28  Overlord x3  
  88  9:30  Zergling x12  
  94  9:32  Zergling x8  
  94  9:33  Zergling x2  
  99  10:02  Zerg Flyer Weapons Level 2  
  97  10:13  Baneling x2  
  96  10:19  Zergling x2  
  96  10:23  Corruptor  
  96  10:24  Corruptor x3  
  103  10:53  Ultralisk Cavern  
  103  10:54  Zerg Ground Armor Level 3, Zerg Melee Weapons Level 3  
  102  10:59  Pathogen Glands  
  102  11:02  Drone  
  102  11:03  Drone x3  
  107  11:04  Zergling x18  
  107  11:05  Corruptor  
  107  11:06  Corruptor x5  
  107  11:08  Drone  
  107  11:09  Drone x5  
  133  11:20  Hatchery  
  132  11:34  Zerg Missile Weapons Level 2  
  132  11:37  Zergling x4  
  132  11:38  Zergling x8  
  138  11:41  Baneling x12  
  138  11:42  Baneling x3, Zergling x2  
  138  11:43  Zergling x20  
  149  11:49  Ultralisk  
  155  11:56  Corruptor x2  
  159  12:02  Baneling  
  159  12:03  Baneling x3  
  159  12:04  Baneling x2  
  159  12:17  Ultralisk  
  141  12:34  Zergling x2  
  141  12:35  Zergling x4, Ultralisk x2  
  141  12:36  Zergling x2  
  126  12:49  Ultralisk  
  132  12:58  Baneling x2  
  132  12:59  Baneling x6  
  132  13:02  Ultralisk  
  132  13:03  Chitinous Plating  
  138  13:16  Greater Spire  
  138  13:18  Adrenal Glands  
  138  13:19  Zergling x18  
  148  13:20  Zergling x2  
  142  13:53  Zergling x2  
  142  13:54  Zergling x34  
  147  14:01  Zergling x2  
  147  14:17  Hatchery  
  147  14:19  Baneling x6  
  146  14:26  Zergling x2  
  146  14:27  Zergling x8  
  151  14:32  Baneling x2  
  139  14:53  Baneling x9  
  139  14:54  Baneling x6  
  138  15:15  Hatchery  
  135  15:22  Ultralisk x2, Zergling x6  
  135  15:23  Overlord x5, Ultralisk  
  143  15:50  Zergling x16  
  143  15:51  Mutalisk, Zergling x4, Ultralisk x3  
  143  15:52  Zergling x4  
  161  16:07  Swarm Host, Zergling x2  
  161  16:08  Zergling x34  
  164  16:22  Overseer  
  164  16:28  Baneling x2  
  164  16:29  Baneling x12  
  164  16:38  Extractor  
  163  16:40  Extractor, Spine Crawler  
  163  16:43  Spine Crawler  
  163  16:44  Drone x4, Spine Crawler  
  161  17:03  Baneling x18  
  161  17:36  Zergling x6  
  161  17:37  Ultralisk x3, Zergling x2  
  154  17:38  Ultralisk  
  162  17:57  Baneling x2  
  162  17:58  Baneling x11  
  162  18:00  Zergling x4  
  162  18:02  Zergling x4  
Show
View Real Time Build Order
Export as new Build Order

Tenonee Terran 

Build Orders: Reaper Expand, MMM Bio 

Get SALT Encoding   

  12  0:01  SCV  
  13  0:13  SCV  
  14  0:17  Supply Depot  
  14  0:25  SCV  
  15  0:39  SCV  
  15  0:42  Barracks  
  16  0:51  SCV  
  16  0:54  Refinery  
  17  1:03  SCV  
  18  1:17  SCV  
  19  1:26  Supply Depot  
  19  1:30  Orbital Command  
  19  1:38  Reaper  
  20  1:49  Command Center  
  20  1:56  SCV  
  21  2:08  SCV  
  22  2:11  Marine  
  23  2:19  Factory  
  23  2:21  SCV  
  24  2:29  Barracks  
  24  2:34  SCV  
  25  2:39  Barracks Reactor  
  25  2:46  SCV  
  26  3:00  SCV  
  26  3:05  Orbital Command  
  27  3:12  SCV  
  28  3:14  Refinery  
  28  3:23  Barracks Tech Lab  
  28  3:24  SCV  
  29  3:31  Barracks Reactor  
  29  3:33  Hellion x2  
  33  3:34  SCV  
  33  3:36  SCV  
  35  3:44  Stimpack  
  35  3:46  SCV  
  35  3:48  SCV  
  37  3:53  Marine  
  38  3:57  Hellion x2  
  38  3:58  SCV  
  38  4:00  SCV  
  44  4:07  Starport  
  44  4:10  SCV  
  44  4:12  SCV  
  44  4:14  Command Center  
  46  4:18  Supply Depot  
  46  4:22  SCV  
  47  4:24  Supply Depot  
  47  4:26  SCV  
  47  4:27  Marine x3  
  51  4:35  SCV  
  51  4:37  Factory Tech Lab  
  51  4:38  SCV  
  53  4:39  Barracks  
  53  4:45  Marine  
  54  4:47  SCV  
  54  4:49  Supply Depot  
  54  4:50  Bunker, SCV  
  56  4:59  SCV  
  57  5:02  SCV  
  57  5:06  Marine x3  
  61  5:11  SCV  
  62  5:15  Siege Tank  
  65  5:23  Marine  
  65  5:28  Marine x4  
  68  5:32  SCV x2  
  68  5:33  Orbital Command  
  68  5:35  Starport Reactor  
  72  5:41  Supply Depot, Marine  
  73  5:44  Engineering Bay x2, SCV  
  73  5:45  Marine, SCV  
  73  5:46  Marine, Refinery  
  77  5:51  Marine, Refinery  
  77  5:54  Combat Shields  
  77  5:57  SCV  
  79  6:00  Siege Tank  
  79  6:01  Marine x2  
  79  6:03  Marine  
  85  6:08  Marine  
  85  6:09  Marine  
  85  6:11  Liberator  
  87  6:19  Marine  
  79  6:26  Marine x3  
  79  6:27  Marine  
  79  6:28  Medivac  
  79  6:29  SCV x2  
  90  6:37  Marine  
  90  6:39  Orbital Command  
  91  6:44  Marine, Barracks  
  91  6:46  Barracks, Marine x3  
  94  6:47  Barracks  
  94  6:48  Siege Tank  
  94  6:49  SCV  
  99  6:55  Marine  
  100  7:01  Marine  
  101  7:11  Supply Depot x2, Terran Infantry Weapons Level 1  
  101  7:12  Supply Depot  
  101  7:15  Liberator  
  101  7:32  Medivac, SCV, Marine x5, Refinery  
  101  7:33  Refinery, Siege Tank, SCV x2  
  101  7:35  Barracks Reactor x2  
  101  7:37  Barracks Tech Lab  
  117  7:50  Marine x4  
  121  7:55  Supply Depot  
  121  7:57  Supply Depot  
  121  7:59  Supply Depot  
  121  8:00  SCV  
  121  8:01  SCV x2  
  121  8:02  Marine  
  121  8:05  Command Center  
  125  8:17  SCV x3  
  128  8:24  Supply Depot  
  128  8:25  Supply Depot  
  128  8:28  Liberator  
  85  8:41  Marauder  
  85  8:43  Marine x5, Marauder  
  85  8:44  Marine x3  
  85  8:45  Medivac, Siege Tank  
  105  8:58  Supply Depot  
  105  8:59  Supply Depot  
  105  9:00  Starport  
  105  9:01  Marine x3, Factory  
  108  9:03  Factory, Marauder  
  108  9:04  Marauder, Armory  
  108  9:07  SCV x2  
  108  9:08  SCV  
  115  9:19  SCV x2  
  115  9:22  Marine x5  
  115  9:23  Widow Mine, Marine x3  
  125  9:24  Marauder  
  125  9:25  Marauder  
  125  9:26  SCV  
  125  9:29  Planetary Fortress  
  132  9:31  SCV  
  132  9:35  Concussive Shells  
  133  9:39  Marine  
  133  9:40  Marine x2  
  138  9:46  Marine x4, Marauder  
  138  9:47  Liberator, Marauder  
  138  9:50  Marine  
  138  9:51  Factory Reactor  
  138  9:52  Factory Tech Lab  
  145  10:02  Marine x3  
  145  10:03  Marine  
  145  10:04  Starport Tech Lab, Marine, Medivac  
  157  10:07  Marauder  
  157  10:08  Marine, Marauder  
  158  10:17  Marine x2  
  158  10:18  Siege Tank  
  158  10:19  Marine  
  158  10:20  Marine x2  
  166  10:27  Marine  
  162  10:28  Marauder  
  162  10:30  Widow Mine  
  162  10:31  Widow Mine x2  
  166  10:41  Marine x3, Marauder  
  170  10:47  Supply Depot  
  170  10:48  Supply Depot  
  172  10:50  Widow Mine, Marauder  
  174  10:59  Widow Mine  
  174  11:01  Refinery  
  174  11:02  Marauder  
  174  11:03  Missile Turret  
  178  11:05  Refinery  
  178  11:06  Missile Turret  
  178  11:07  Missile Turret  
  178  11:13  Missile Turret, Marine x4, Marauder  
  184  11:18  Barracks  
  184  11:20  Barracks  
  184  11:23  Barracks  
  184  11:24  Marauder  
  186  11:29  Marine x4  
  190  11:34  Marauder  
  190  11:37  Terran Infantry Weapons Level 2  
  190  11:38  Terran Infantry Armor Level 1  
  192  11:40  Fusion Core  
  192  11:43  Terran Ship Weapons Level 1  
  192  11:45  Marauder  
  194  11:49  Marine  
  195  11:55  Marine  
  195  11:56  Marine, Marauder  
  199  12:05  Marine  
  130  12:41  Marine x2, Marauder x2  
  130  12:42  Widow Mine, Marine x6  
  130  12:43  Widow Mine x3  
  144  12:46  Viking x3  
  150  12:58  Command Center  
  150  12:59  Advanced Ballistics, Marine x8  
  150  13:02  Barracks Tech Lab x2, Marauder x2  
  162  13:16  Viking x3  
  162  13:17  Marine x9  
  177  13:20  Siege Tank x2  
  177  13:21  Widow Mine x2  
  177  13:23  Marine  
  177  13:24  Marauder  
  177  13:25  Marine, Marauder  
  193  13:40  Command Center, Liberator x2  
  193  13:44  Marine  
  193  13:45  Marine, Marauder  
  193  13:46  Viking  
  197  13:49  Widow Mine x2  
  197  13:52  Siege Tank  
  165  13:58  Liberator  
  159  14:10  Marine  
  159  14:11  Marine x8, Marauder  
  159  14:12  Command Center  
  172  14:23  Liberator  
  168  14:45  Liberator x2  
  171  14:46  Marine x5, Marauder  
  171  14:47  Marine x3  
  171  14:49  Marine x3, Marauder  
  185  15:03  Marine  
  185  15:04  Marine x2  
  194  15:07  Marauder  
  187  15:21  Marine  
  187  15:22  Marine x10, Marauder  
  200  15:38  Marauder  
  200  15:39  Marine  
  200  15:40  Marine  
  153  15:59  Marine x2, Marauder x3  
  153  16:00  Marine x8  
  153  16:03  Liberator x3  
  129  16:17  Marine x2  
  129  16:18  Marine x8  
  132  16:20  Marauder  
  132  16:21  Marauder x2  
  151  16:35  Marine x2  
  151  16:36  Marine x2  
  151  16:39  Refinery  
  155  16:40  Marine x3  
  155  16:41  Marauder  
  155  16:42  Marauder  
  155  16:43  Marine  
  155  16:46  Liberator  
  162  16:54  Widow Mine  
  164  17:02  Orbital Command  
  164  17:03  Medivac  
  169  17:12  Marine  
  169  17:13  Marauder  
  172  17:22  Marine x4, Marauder  
  119  17:52  Marine  
  119  17:53  Marine x2, Marauder x2  
  120  18:01  Marine x3  
Tags
 
Add a new tag
Caveats
  • Supply blocks, unpowered buildings, or Contaminate may cause inaccurate times.
  • Supply counts are checked every 10 seconds.